 Dungeon Crawl Stone Soup version 0.27.0-1-g7a089689b8 (webtiles) character file.

Game seed: 993747150166570307

6371 ZombieSheep the Cleaver (level 10, -8/90 HPs)
             Began as a Minotaur Gladiator on Aug 2, 2021.
             Was a High Priest of Okawaru.
             Killed from afar by a yellow draconian scorcher (21 damage)
             ... with a bolt of fire
             ... on level 3 of the Abyss.
             The game lasted 00:25:24 (9745 turns).

ZombieSheep the Cleaver (Minotaur Gladiator)        Turns: 9745, Time: 00:25:25

Health: -8/90      AC: 10    Str: 24    XL:     10   Next: 65%
Magic:  13/13      EV: 10    Int:  5    God:    Okawaru [*****.]
Gold:   323        SH:  5    Dex: 16    Spells: 9/9 levels left

rFire    . . .     SeeInvis .   b - +8 hand axe "Saahekh" {flame, +Blink rElec rPois}
rCold    . . .     Faith    .   (no shield)
rNeg     . . .     Spirit   .   f - +0 plate armour
rPois    +         Reflect  +   c - +0 hat
rElec    +         Harm     .   (no cloak)
rCorr    .         Rampage  .   q - +0 pair of gloves
Will     .....                  (no boots)
Stlth    ..........             m - amulet of reflection
HPRegen  0.00/turn              e - +6 ring of strength
MPRegen  0.13/turn              (no ring)

@: corroded, diseased
A: horns 2, retaliatory headbutt
a: Renounce Religion, Evoke Blink, Heroism, Finesse


You were on level 3 of the Abyss.
You worshipped Okawaru.
Okawaru was extremely pleased with you.
You visited 2 branches of the dungeon, and saw 10 of its levels.
You visited the Abyss 1 time.

You collected 413 gold pieces.
You spent 90 gold pieces at shops.

Inventory:

Hand Weapons
 a - a +0 battleaxe
 b - the +8 hand axe "Saahekh" (weapon) {flame, +Blink rElec rPois}
   (You found it on level 5 of the Dungeon)

   It burns those it strikes, dealing additional fire damage.
   Big, fiery blades are also staple armaments of hydra-hunters.
   rElec:     It insulates you from electricity.
   rPois:     It protects you from poison.
   +Blink:    It lets you blink.
 F - a +4 long sword
Missiles
 d - a throwing net
 y - 23 poisoned darts
 B - 4 boomerangs (quivered)
 C - 7 silver javelins
Armour
 c - a +0 hat (worn)
 f - a +0 plate armour (worn)
 g - a +1 chain mail
 q - a +0 pair of gloves (worn)
 I - the +2 ring mail of Conscience {rElec rN+ Dex-4 SInv}
   (You found it on level 3 of the Abyss)

   Dex:       It affects your dexterity (-4).
   rElec:     It insulates you from electricity.
   rN:        It protects you from negative energy.
   SInv:      It lets you see invisible.
Jewellery
 e - a +6 ring of strength (left hand)
 m - an amulet of reflection (around neck)
Wands
 h - a wand of polymorph (8)
 z - a wand of iceblast (16)
 E - a wand of mindburst (7)
Scrolls
 j - 2 scrolls of vulnerability
 k - a scroll of fog
 r - a scroll of magic mapping
 t - a scroll of enchant weapon
 v - 2 scrolls of amnesia
 w - a scroll of immolation
 A - a scroll of silence
 D - a scroll of fear
Potions
 i - a potion of curing
 l - a potion of haste {unknown}
 n - 4 potions of berserk rage
 o - a potion of mutation {unknown}
 p - 3 potions of brilliance
 s - 2 potions of lignification {unknown}
 u - a potion of ambrosia {unknown}
 H - a potion of might {unknown}


   Skills:
 + Level 8.4 Fighting
 - Level 4.9 Long Blades
 + Level 10.7 Axes
 - Level 2.0 Throwing
 + Level 7.9 Armour
 + Level 8.0 Dodging
 + Level 6.1 Invocations


You had 9 spell levels left.
You didn't know any spells.
Your spell library contained the following spells:

 Spells                   Type           Power      Damage    Failure   Level
 Freeze                   Ice            0%         1d3       100%        1
 Blink                    Tloc           N/A        N/A       100%        2
 Passwall                 Tmut/Erth      0%         N/A       100%        2
 Frozen Ramparts          Ice            0%         1d2       100%        3
 Lesser Beckoning         Tloc           0%         N/A       100%        3
 Swiftness                Air            0%         N/A       100%        3
 Tukima's Dance           Hex            0%         N/A       100%        3
 Cause Fear               Hex            0%         N/A       100%        4
 Hailstorm                Conj/Ice       0%         3d3       100%        4
 Passage of Golubria      Tloc           N/A        N/A       100%        4
 Blade Hands              Tmut           0%         N/A       100%        5
 Irradiate                Conj/Tmut      0%         3d13      100%        5
 Manifold Assault         Tloc           0%         N/A       100%        5
 Yara's Violent Unravell  Hex/Tmut       0%         3d3       100%        5
 Invisibility             Hex            0%         N/A       100%        6
 Dragon Form              Tmut           0%         N/A       100%        7
 Dragon's Call            Summ           0%         N/A       100%        9


Dungeon Overview and Level Annotations

Branches:
Dungeon (9/15)             Temple (1/1) D:5
   Lair: D:8-11         Orc: D:9-12

Altars:
Ashenzari
Cheibriados
Dithmenos
Elyvilon
Fedhas
Gozag
Hepliaklqana
Kikubaaqudgha
Makhleb
Nemelex Xobeh
Okawaru
Qazlal
Ru
Sif Muna
Trog
Uskayaw
Vehumet
Wu Jian
Xom
Yredelemnul
Zin
The Shining One
Beogh

Shops:
D:7 *   D:8 !

Annotations:
D:7 2 transporters


Innate Abilities, Weirdness & Mutations

You have a pair of horns on your head.
You reflexively headbutt those who attack you in melee.


Message History

The small abomination hits you but does no damage.
You block the ancient zyme's attack. The ancient zyme hits you!
* * * LOW HITPOINT WARNING * * *
You hit the ancient zyme but do no damage.
You headbutt the ancient zyme.
The ancient zyme is almost destroyed.
You slash the small abomination! You burn the small abomination.
You closely miss the hellwing. You block the hellwing's attack.
The hellwing hits you but does no damage.
The ancient zyme closely misses you. You furiously retaliate!
You headbutt the ancient zyme, but do no damage.
You block the ancient zyme's attack.
You block the small abomination's attack.
You feel ill.
You hit the small abomination but do no damage.
You headbutt the small abomination, but do no damage.
The small abomination is moderately damaged.
The small abomination hits you!
* * * LOW HITPOINT WARNING * * *
You feel better.
You block the small abomination's attack.
You feel much better. The small abomination hits you.
You hit the small abomination. You burn the small abomination.
The small abomination is heavily damaged.
You hit the small abomination. You burn the small abomination.
The small abomination is severely damaged.
You are suddenly pulled into a different region of the Abyss!
You start resting.
A yellow draconian scorcher appears in a shower of sparks.
It is wielding a +0 long sword.
Found 50 gold pieces.
You see here 29 gold pieces.
Unknown command.
The yellow draconian scorcher throws acid at you.
The glob of acid hits you! The acid corrodes you!
You are splashed with acid!
* * * LOW HITPOINT WARNING * * *
You see here 21 gold pieces.
A white imp comes into view.
The yellow draconian scorcher points at you and mumbles some strange words.
The bolt of fire hits you!!
You die...

. .' $..# ####...#
...§". ..5. . #§.
... +.####....
+@........#
+.$.#####.#
####...###...#
.....q..*$.#.##..#
......####..∩..#
............#.#.#
####......#*....
####.≈.≈....##
..≈≈.≈≈...#


You could see a yellow draconian scorcher (catching breath), a wretched star and
a white imp.

Vanquished Creatures
  A deep elf pyromancer (D:8)
  A cyclops (D:6)
  2 trolls
  15 yaks
  Grum (D:8)
  2 sky beasts (D:6)
  An ogre (D:7)
  4 orc warriors
  An ice beast (D:6)
  2 black bears
  A necrophage (D:7)
  3 wolves (D:8)
  2 kobold brigands
  3 bullfrogs
  Blork the orc (D:6)
  A scorpion (D:6)
  A water moccasin zombie (D:5)
  7 wights
  A howler monkey (D:4)
  A centaur zombie (D:9)
  5 hounds
  2 jellies
  A gnoll shaman (D:6)
  2 bullfrog skeletons
  5 orc priests
  2 centaur skeletons
  A scorpion zombie (D:5)
  4 orc wizards
  A killer bee zombie (D:7)
  A mummy (D:8)
  3 adders
  3 gnolls (D:6)
  A white imp (D:5)
  2 worms
  A dart slug (D:1)
  21 orcs
  4 bats
  6 endoplasms
  4 giant cockroaches
  4 hobgoblins
  3 jackals (D:3)
  8 quokkas
  8 ball pythons
  3 frilled lizards
  8 goblins
  17 kobolds
  2 rats
173 creatures vanquished.

Vanquished Creatures (others)
  5 dream sheep (D:5)
  A fungus (D:1)
  2 plants
  5 withered plants
13 creatures vanquished.

Grand Total: 186 creatures vanquished

Notes
Turn   | Place    | Note
-------+----------+-------------------------------------------
     0 | D:1      | ZombieSheep the Minotaur Gladiator began the quest for the
                  | Orb.
     0 | D:1      | Reached XP level 1. HP: 18/18 MP: 0/0
   170 | D:1      | Reached XP level 2. HP: 25/25 MP: 1/1
   332 | D:1      | Reached skill level 1 in Armour
   550 | D:1      | You fall into a shaft and drop 1 floor!
  1089 | D:1      | Found a faded altar of an unknown god.
  1277 | D:2      | Reached XP level 3. HP: 30/30 MP: 2/2
  2604 | D:3      | Found an ancient bone altar of Kikubaaqudgha.
  2607 | D:3      | Found a blossoming altar of Fedhas.
  2873 | D:3      | Reached XP level 4. HP: 30/38 MP: 3/3
  3517 | D:5      | Entered Level 5 of the Dungeon
  3517 | D:5      | Found a staircase to the Ecumenical Temple.
  3525 | D:5      | Identified the +8 hand axe "Saahekh" {flame, +Blink rElec
                  | rPois}
  3531 | Temple   | Entered the Ecumenical Temple
  3708 | Temple   | Became a worshipper of Warmaster Okawaru
  3736 | D:5      | Reached skill level 1 in Axes
  3825 | D:5      | Noticed a yak
  3857 | D:4      | Noticed a sky beast
  3857 | D:4      | a killer bee changed into a sky beast
  3981 | D:4      | Reached XP level 5. HP: 43/45 MP: 4/4
  4042 | D:4      | Reached skill level 2 in Axes
  4042 | D:4      | Reached skill level 1 in Invocations
  4075 | D:4      | Reached XP level 6. HP: 48/52 MP: 5/5
  4212 | D:4      | Reached * piety under Okawaru
  4213 | D:4      | Reached skill level 3 in Axes
  4323 | D:5      | Noticed a dream sheep
  4323 | D:5      | Noticed a dream sheep
  4323 | D:5      | Noticed a dream sheep
  4323 | D:5      | Noticed a dream sheep
  4323 | D:5      | Noticed a dream sheep
  4323 | D:5      | Found a shimmering altar of Xom.
  4328 | D:5      | Killed a dream sheep
  4328 | D:5      | Killed a dream sheep
  4328 | D:5      | Killed a dream sheep
  4328 | D:5      | Killed a dream sheep
  4331 | D:5      | Killed a dream sheep
  4484 | D:6      | Noticed Blork the orc
  4484 | D:6      | Noticed a sky beast
  4653 | D:5      | Reached skill level 4 in Axes
  4653 | D:5      | Reached XP level 7. HP: 44/60 MP: 7/7
  4924 | D:5      | Noticed a yak
  4924 | D:5      | Noticed a yak
  4945 | D:5      | Noticed a yak
  4948 | D:5      | Killed a yak
  4980 | D:5      | Killed a yak
  4980 | D:5      | Reached ** piety under Okawaru
  4981 | D:5      | Reached skill level 5 in Fighting
  4981 | D:5      | Reached skill level 5 in Dodging
  5005 | D:5      | Noticed a yak
  5022 | D:5      | Killed a yak
  5023 | D:5      | Reached skill level 5 in Axes
  5027 | D:5      | Killed a yak
  5028 | D:5      | Reached XP level 8. HP: 41/69 MP: 7/9
  5034 | D:5      | Reached skill level 6 in Axes
  5599 | D:6      | Noticed a troll
  5599 | D:6      | Noticed a cyclops
  5601 | D:6      | Reached *** piety under Okawaru
  5604 | D:6      | Reached skill level 5 in Armour
  5656 | D:5      | Killed a troll
  5657 | D:5      | Reached skill level 7 in Axes
  6146 | D:6      | Killed Blork the orc
  6431 | D:6      | Reached XP level 9. HP: 76/77 MP: 11/11
  6461 | D:6      | Reached **** piety under Okawaru
  6470 | D:6      | Reached skill level 8 in Axes
  6801 | D:6      | Killed a cyclops
  7050 | D:6      | Reached skill level 5 in Invocations
  7097 | D:7      | Reached skill level 9 in Axes
  7155 | D:7      | Found a transporter.
  7175 | D:7      | Noticed a two-headed ogre
  7209 | D:7      | Received a gift from Okawaru
  7219 | D:7      | Found a sacrificial altar of Ru.
  7345 | D:7      | Found Zin's Purification Station.
  7349 | D:7      | Found a glowing silver altar of Zin.
  7435 | D:7      | Found a transporter.
  7478 | D:7      | Found a burning altar of Makhleb.
  7608 | D:8      | Noticed a deep elf pyromancer
  7613 | D:8      | Killed a deep elf pyromancer
  7613 | D:8      | Reached ***** piety under Okawaru
  7614 | D:8      | Reached XP level 10. HP: 81/86 MP: 11/13
  7891 | D:8      | Noticed Grum
  7909 | D:8      | Received a gift from Okawaru
  7913 | D:8      | Killed Grum
  8365 | D:8      | Reached skill level 10 in Axes
  8819 | D:8      | Found Jevemm's Distillery.
  8830 | D:8      | Bought a potion of degeneration for 15 gold pieces
  8830 | D:8      | Bought a potion of heal wounds for 75 gold pieces
  9666 | D:9      | Noticed a wizard
  9671 | D:9      | Cast into level 3 of the Abyss (a wizard)
  9674 | Abyss:3  | Identified the +2 ring mail of Conscience {rElec rN+ Dex-4
                  | SInv}
  9681 | Abyss:3  | Found a bloodstained altar of Trog.
  9722 | Abyss:3  | HP: 3/90 [small abomination (13)]
  9740 | Abyss:3  | Noticed a yellow draconian scorcher
  9740 | Abyss:3  | Noticed a wretched star
  9745 | Abyss:3  | Killed from afar by a yellow draconian scorcher

Illustrated notes

Levels and vault maps discovered:
D:1:      lemuel_arrival_tunnels, layout_loops_ring,
          shapermc_ecumenical_altar_mp_urbaneastern, minmay_curled_crystal
D:2:      layout_basic, minmay_tetromino_o2
D:3:      layout_basic, grunt_temple_overflow_growth_and_decay,
          bh_walls_and_bars
D:4:      layout_gridville, minmay_diced_spiral
D:5:      layout_basic, kb_xom_exploding_sheep, temple_statues
D:6:      kennysheep_big_flooded_room, layout_basic, uniq_blork_the_orc
D:7:      gammafunk_beogh_shrine, layout_cave_pools, zin_purify,
          lightli_temple_of_fire, mainiacjoe_overflow_boulevard
D:8:      layout_loops_ring, serial_shops, nicolae_lakefront_shop, uniq_grum
D:9:      layout_stronghold, erik_orc_1, serial_shops, nicolae_shop_crystal,
          nicolae_shop_waterfront, nicolae_lakefront_shop, serial_undead,
          serial_undead_f, serial_undead_a, serial_undead_b, serial_undead_f
Temple:   nicolae_temple_elliptical
Abyss:3:  base: D:9, evilmike_abyss_exit_1, evilmike_abyss_rune_tso_outpost

Skill      XL: |  1  2  3  4  5  6  7  8  9 10 |
---------------+-------------------------------+-----
Long Blades    | 4 |  4.9
Armour         | 1 2 3 4 5 7 |  7.9
Fighting       | 3 4 5 6 7 8 |  8.4
Axes           | 1 2 4 5 7 9 10 | 10.7
Dodging        | 4 5 6 7 8 |  8.0
Invocations    | 1 2 3 4 5 6 |  6.1
Throwing       | |  2.0

Action                   |  1- 3 |  4- 6 |  7- 9 | 10-12 || total
-------------------------+-------+-------+-------+-------++-------
Melee: Long sword        |    94 |    12 |       |       ||   106
       Headbutt          |    12 |     9 |    37 |    39 ||    97
       Hand axe          |       |    61 |   125 |   149 ||   335
Throw: Throwing net      |       |       |     4 |       ||     4
       Dart              |       |       |     3 |     3 ||     6
       Boomerang         |       |       |       |    20 ||    20
Invok: Heroism           |       |       |     1 |       ||     1
Evoke: Wand              |       |     1 |       |       ||     1
  Use: Scroll            |     5 |     4 |     4 |     4 ||    17
       Potion            |       |     2 |       |     2 ||     4
 Stab: Held in net/web   |       |       |     1 |       ||     1
Armor: Leather armour    |     5 |       |       |       ||     5
       Chain mail        |    35 |    47 |       |       ||    82
       Plate armour      |       |     3 |    41 |    54 ||    98
       Skin              |       |     1 |       |       ||     1
Dodge: Dodged            |    52 |    42 |    37 |    55 ||   186
Block: Other             |       |     4 |    20 |    29 ||    53
       Reflection        |       |       |       |     3 ||     3
       Rpst.: Long sword |    11 |     1 |       |       ||    12
